 Dungeon Crawl Stone Soup version 0.23.0-42-geed6394480 (webtiles) character file.

Game seed: 4599405335440780170

218 Chiseanne the Sneak (level 5, -1/37 HPs)
             Began as an Octopode Warper on Mar 1, 2019.
             Slain by a gnoll
             ... wielding a +0 spear
              (10 damage)
             ... on level 4 of the Dungeon.
             The game lasted 00:06:01 (3096 turns).

Chiseanne the Sneak (Octopode Warper)               Turns: 3096, Time: 00:06:01

Health: -1/37      AC:  1    Str: 12    XL:     5   Next: 95%
Magic:  7/8        EV: 14    Int: 15    God:
Gold:   212        SH:  0    Dex: 11    Spells: 1/8 levels left

rFire    . . .     SeeInvis .   a - +1 short sword (venom)
rCold    . . .     Gourm    .   (no shield)
rNeg     . . .     Faith    .   (helmet restricted)
rPois    .         Spirit   .   (no amulet)
rElec    .         Reflect  .   (no ring)
rCorr    .         Harm     .   (no ring)
MR       .....                  (no ring)
Stlth    +++.......             (no ring)
HPRegen  0.12/turn              (no ring)
MPRegen  0.11/turn              (no ring)
                                (no ring)
                                (no ring)

@: no status effects
A: almost no armour, stealthy swim, amphibious, 8 rings, constrict 8, camouflage
1, gelatinous body 1
a: no special abilities


You were on level 4 of the Dungeon.
You were near starving.

You visited 1 branch of the dungeon, and saw 4 of its levels.

You collected 212 gold pieces.

Inventory:

Hand Weapons
 a - a +1 short sword of venom (weapon)
 i - a +2 hunting sling of velocity
 l - a +4 rapier
 s - a +0 blowgun
 t - a +1 whip of holy wrath
Missiles
 b - 45 sling bullets
 d - 4 tomahawks of dispersal (quivered)
 h - 2 throwing nets
 j - 114 stones
 k - 43 arrows
 o - 6 javelins of penetration
 q - 7 tomahawks
 r - 11 poisoned needles
Scrolls
 c - 3 scrolls of blinking
 g - a scroll of identify
 n - a scroll of teleportation
Potions
 m - a potion of agility {unknown}
 p - a potion of ambrosia
Comestibles
 f - 10 rations


   Skills:
 * Level 3.7 Fighting
 - Level 2.0 Short Blades
 - Level 1.0 Throwing
 * Level 4.0 Dodging
 * Level 4.4 Stealth
 - Level 2.0 Spellcasting
 - Level 3.0 Translocations


You had one spell level left.
You knew the following spells:

 Your Spells              Type           Power        Failure   Level  Hunger
a - Blink                 Tloc           N/A          10%         2    ###....
b - Shroud of Golubria    Chrm/Tloc      #.........   19%         2    ###....
c - Teleport Other        Tloc           ##......     19%         3    ###....

Your spell library contained the following spells:

 Spells                   Type           Power        Failure   Level  Hunger
 Gell's Gravitas          Tloc           ##........   19%         3    ###....
 Lesser Beckoning         Tloc           ##........   19%         3    ###....
 Passage of Golubria      Tloc           N/A          54%         4    #####..


Dungeon Overview and Level Annotations

Branches:
Dungeon (4/15)
 Temple: D:4-7

Altars:
Nemelex Xobeh
Vehumet


Innate Abilities, Weirdness & Mutations

You cannot wear most types of armour.
You are very stealthy in the water. (Stealth+)
You are amphibious.
You can wear up to eight rings at the same time.
You can use your tentacles to constrict eight enemies at once.
Your skin changes colour to match your surroundings (Stealth+).
Your rubbery body absorbs attacks. (AC +1, EV +1)


Message History

The gnoll is moderately wounded.
You constrict the gnoll, but do no damage.
The gnoll hits you from afar with a +0 spear!
* * * LOW HITPOINT WARNING * * *
The gnoll closely misses you.
You feel better.
You constrict the gnoll. The gnoll misses you. x2
You hit the gnoll.
The gnoll looks as sick as possible!
The gnoll is heavily wounded.
You constrict the gnoll.
You kill the gnoll!
Your Dodging skill increases to level 4!
The gnoll hits you from afar with a +0 spear!
* * * LOW HITPOINT WARNING * * *
Throwing (i - inventory. (/) - cycle)
d - 5 tomahawks of dispersal (quivered)
Press: ? - help, Shift-Dir - straight line, f - gnoll
Aim: a gnoll, wielding a +0 spear You throw a tomahawk of dispersal.
The tomahawk of dispersal hits the gnoll but does no damage.
The gnoll hits you from afar with a +0 spear!
You die...

###....# #.# .......#
#.# ####...# #.#
#...############.####
#...................#
#.#.############.##.#
#.#.# ##.## #.##.#
#...# ##.#.####.##.#
##### #.#...@......#
#..g####.#### ##.##
#.# #(# #.# #)# #.#
#.# #.# #.# #.# #.#
#.# .[#


You could see a gnoll.

Vanquished Creatures
  Natasha (thrice) (D:2)
  6 gnolls (D:4)
  2 adders
  An ooze (D:3)
  A worm (D:2)
  3 dart slugs (D:1)
  2 leopard geckos
  3 giant cockroaches
  4 goblins
  2 hobgoblins (D:1)
  4 jackals (D:2)
  7 kobolds
  A quokka (D:2)
  8 bats
  5 frilled lizards
  10 rats
62 creatures vanquished.

Notes
Turn   | Place    | Note
-------+----------+-------------------------------------------
     0 | D:1      | Chiseanne the Octopode Warper began the quest for the Orb.
     0 | D:1      | Reached XP level 1. HP: 14/14 MP: 3/3
    35 | D:1      | Reached skill level 1 in Stealth
   192 | D:1      | Reached XP level 2. HP: 19/19 MP: 5/5
   752 | D:1      | Reached XP level 3. HP: 22/25 MP: 6/6
   967 | D:2      | Noticed Natasha
  1003 | D:2      | Killed Natasha
  1003 | D:2      | Reached XP level 4. HP: 13/30 MP: 7/7
  1150 | D:2      | Noticed Natasha
  1337 | D:2      | Found a sparkling altar of Nemelex Xobeh.
  1373 | D:2      | Killed Natasha
  1491 | D:2      | Noticed Natasha
  1497 | D:2      | Killed Natasha
  1497 | D:2      | Reached XP level 5. HP: 30/36 MP: 8/8
  2034 | D:3      | Found a radiant altar of Vehumet.
  2586 | D:3      | Learned a level 2 spell: Blink
  2589 | D:3      | Learned a level 2 spell: Shroud of Golubria
  2593 | D:3      | Learned a level 3 spell: Teleport Other
  3026 | D:4      | Noticed an orc warrior
  3096 | D:4      | Slain by a gnoll

Skill      XL: |  1  2  3  4  5 |
---------------+----------------+-----
Stealth        | 1 2 3 4 |  4.4
Dodging        | 3 4 |  4.0
Fighting       | 3 |  3.7
Short Blades   | |  2.0
Throwing       | |  1.0
Spellcasting   | |  2.0
Translocations | |  3.0

Action                   |  1- 3 |  4- 6 || total
-------------------------+-------+-------++-------
Melee: Short sword       |    71 |    76 ||   147
       Constrict         |    11 |    16 ||    27
       Tentacles         |     1 |    13 ||    14
Throw: Tomahawk          |       |     1 ||     1
 Cast: Blink             |       |     1 ||     1
  Use: Scroll            |     4 |     8 ||    12
       Potion            |     1 |     1 ||     2
 Stab: Sleeping          |     6 |     8 ||    14
  Eat: Chunk             |       |     5 ||     5
Armor: Skin              |    36 |     7 ||    43
Dodge: Dodged            |    29 |    59 ||    88
